AoeStats
← Orangetang

Arena

509563219Analyzed
4v4 RM · 5d ago on Sep 27, 2026· 21m 28s· 8 players
Game mode
Random Map
Map size
Large (8 player)
Population
200
Speed
Normal
Resources
Standard
Victory
Conquest
Starting age
Dark Age
Ending age
Imperial Age
RankedLock teamsTeams togetherTeam positionsShared explorationLock speedFull tech treeHidden civsTurbo modeCheats
Victory
Defeat
🇨🇳 Italians · China
756
+11
🇮🇩 Magyars · Indonesia
737
+12
🇨🇳 Celts · China
708
+13
🇨🇦 Khmer · Canada
706
+13
🇲🇽 Saracens · Mexico
855
-20
🇮🇳 Franks · India
599
-11
🇨🇳 Italians · China
559
-9
🇫🇷 Vikings · France
553
-9
Ermour
10:50 Feudal Age
10:09 Loom
11:59 Double-Bit Axe
11:57 Horse Collar
19:15 Castle Age
17:47 Stone Mining
22:39 Wheelbarrow
自由之海
5:28 Loom
10:11 Feudal Age
11:39 Double-Bit Axe
16:49 Castle Age
21:44 Forging
21:25 Fletching
21:47 Forging
Orangetang
10:30 Feudal Age
10:56 Double-Bit Axe
11:30 Horse Collar
15:25 Wheelbarrow
18:28 Castle Age
20:49 Bow Saw
20:40 Heavy Plow
21:09 Town Watch
21:49 Stone Mining
21:50 Gold Mining
haodeheng
1:02 Loom
12:26 Feudal Age
13:13 Double-Bit Axe
19:57 Castle Age
20:10 Forging
20:02 Gold Mining
21:07 Man-at-Arms
Hauk-90
13:21 Feudal Age
15:08 Feudal Age
17:21 Gold Mining
17:25 Stone Mining
17:40 Horse Collar
18:24 Town Watch
20:44 Castle Age
21:41 Double-Bit Axe
22:35 Gold Shaft Mining
LAI32
TeGoat95
10:48 Feudal Age
11:45 Double-Bit Axe
13:38 Horse Collar
17:53 Castle Age
neville_longbottom
12:53 Feudal Age
13:30 Double-Bit Axe
21:04 Stone Mining
23:19 Castle Age
Connection lost

Rejoining the realm…

Still unreachable

The connection could not be restored.

Session expired

The server has moved on; the page needs a fresh start.